| TOP OF THE 1ST |
|
Hickory Crawdads batting - Pitching for Greenville Drive : RHP Michael Vazquez
|
|
Pitching: RHP Michael Vazquez
|
|
|
Batting: RHB Aaron Moore
|
0-0: Swinging Strike 0-1: Ball 1-1: Ball 2-1: Foul Ball, location: 2F 2-2: Strikes out swinging
|
|
Batting: RHB Danny Murillo
|
0-0: Called Strike 0-1: Ground out 6-3 (Groundball, 6, EV 101.9 MPH)
|
|
Batting: RHB Dermott Neill
|
0-0: Ball 1-0: Ground out 4-3 (Groundball, 4, EV 88.8 MPH)
|
| Top of the 1st over - 0 runs, 0 hits, 0 errors, 0 left on base; Hickory 0 - Greenville 0 |
| BOTTOM OF THE 1ST |
|
Greenville Drive batting - Pitching for Hickory Crawdads : RHP Jared Pollard
|
|
Pitching: RHP Jared Pollard
|
|
|
Batting: RHB Aukukero Tairi
|
0-0: Called Strike 0-1: Ball 1-1: Called Strike 1-2: Ball 2-2: Ball 3-2: Base on Balls
|
|
Batting: SHB Salvador Padilla
|
0-0: Swinging Strike 0-1: Ball 1-1: SINGLE (Groundball, 56D, EV 103.8 MPH) Aukukero Tairi to second
|
|
Batting: SHB Robert Soto
|
0-0: Foul Ball, location: 2F 0-1: Foul Ball, location: 2F 0-2: Foul Ball, location: 2F 0-2: Strikes out swinging
|
|
Batting: LHB Danny Montoya
|
0-0: Called Strike 0-1: Called Strike 0-2: Grounds into double play, 4-6-3 (Groundball, 4, EV 102.5 MPH)
|
| Bottom of the 1st over - 0 runs, 1 hit, 0 errors, 1 left on base; Hickory 0 - Greenville 0 |
| TOP OF THE 2ND |
|
Hickory Crawdads batting - Pitching for Greenville Drive : RHP Michael Vazquez
|
|
Batting: LHB Alfonso Collazo
|
0-0: Called Strike 0-1: Foul Ball, location: 2F 0-2: Strikes out looking
|
|
Batting: SHB Todd Hewitt
|
0-0: Foul Ball, location: 2F 0-1: Ball 1-1: Called Strike 1-2: Strikes out swinging
|
|
Batting: RHB Danny Weisse
|
0-0: Ball 1-0: Ball 2-0: Ball 3-0: Called Strike 3-1: Base on Balls
|
|
Batting: RHB Jose Pineda
|
0-0: Called Strike Danny Weisse steals 2nd base 0-1: Foul Ball, location: 2F 0-2: Strikes out swinging
|
| Top of the 2nd over - 0 runs, 0 hits, 0 errors, 1 left on base; Hickory 0 - Greenville 0 |
| BOTTOM OF THE 2ND |
|
Greenville Drive batting - Pitching for Hickory Crawdads : RHP Jared Pollard
|
|
Batting: RHB Alex Cardenas
|
0-0: Called Strike 0-1: Fly out, F6 (Popup, 56D, EV 76.9 MPH)
|
|
Batting: RHB Adugna Chandu
|
0-0: Ball 1-0: Ball 2-0: Ground out 5-3 (Groundball, 5, EV 95.6 MPH)
|
|
Batting: RHB Mario Arriero
|
0-0: Fly out, F8 (Flyball, 89XD, EV 109.4 MPH)
|
| Bottom of the 2nd over - 0 runs, 0 hits, 0 errors, 0 left on base; Hickory 0 - Greenville 0 |
| TOP OF THE 3RD |
|
Hickory Crawdads batting - Pitching for Greenville Drive : RHP Michael Vazquez
|
|
Batting: RHB Zach Thomason
|
0-0: Called Strike 0-1: Foul Ball, location: 2F 0-2: Foul Ball, location: 2F 0-2: Ball 1-2: Ball 2-2: DOUBLE (Line Drive, 5D, EV 98.1 MPH)
|
|
Batting: RHB Dennis Daniels
|
0-0: Called Strike 0-1: Swinging Strike 0-2: Foul Ball, location: 2F 0-2: Ball 1-2: Strikes out swinging
|
|
Batting: RHB Aaron Moore
|
0-0: Ball 1-0: Ball 2-0: Swinging Strike 2-1: Ball 3-1: Called Strike 3-2: SINGLE (Line Drive, 56D, EV 106.2 MPH) Zach Thomason to third
|
|
Batting: RHB Danny Murillo
|
0-0: Called Strike 0-1: Ball 1-1: Fly out, F3 (Line Drive, 34, EV 62.5 MPH) Lined into DP, U3 (Line Drive, 34, EV 69.4 MPH)
|
| Top of the 3rd over - 0 runs, 2 hits, 0 errors, 1 left on base; Hickory 0 - Greenville 0 |
| BOTTOM OF THE 3RD |
|
Greenville Drive batting - Pitching for Hickory Crawdads : RHP Jared Pollard
|
|
Batting: LHB Robert Gonzalez
|
0-0: Reached on error, E4 (Groundball, 4, EV 80.6 MPH)
|
|
Batting: RHB Bobby Schimke
|
0-0: Ground out 5-3 (Groundball, 56, EV 84.4 MPH)
|
|
Batting: RHB Aukukero Tairi
|
0-0: Fly out, F8 (Flyball, 8RM, EV 90.6 MPH)
|
|
Batting: SHB Salvador Padilla
|
0-0: Called Strike 0-1: Foul Ball, location: 2F 0-2: Foul Ball, location: 2F 0-2: Ball 1-2: Strikes out swinging
|
| Bottom of the 3rd over - 0 runs, 0 hits, 1 error, 1 left on base; Hickory 0 - Greenville 0 |
| TOP OF THE 4TH |
|
Hickory Crawdads batting - Pitching for Greenville Drive : RHP Michael Vazquez
|
|
Batting: RHB Dermott Neill
|
0-0: Ball 1-0: Ball 2-0: Ball 3-0: Called Strike 3-1: Called Strike 3-2: Fly out, F8 (Flyball, 8RD, EV 105.6 MPH)
|
|
Batting: LHB Alfonso Collazo
|
0-0: Called Strike 0-1: Ball 1-1: Swinging Strike 1-2: Strikes out swinging
|
|
Batting: SHB Todd Hewitt
|
0-0: Ball 1-0: Swinging Strike 1-1: Swinging Strike 1-2: Ball 2-2: Ball 3-2: Foul Ball, location: 2F 3-2: Strikes out swinging
|
| Top of the 4th over - 0 runs, 0 hits, 0 errors, 0 left on base; Hickory 0 - Greenville 0 |
| BOTTOM OF THE 4TH |
|
Greenville Drive batting - Pitching for Hickory Crawdads : RHP Jared Pollard
|
|
Batting: SHB Robert Soto
|
0-0: Ball 1-0: Foul Ball, location: 2F 1-1: Swinging Strike 1-2: Foul Ball, location: 2F 1-2: Foul Ball, location: 2F 1-2: Strikes out swinging
|
|
Batting: LHB Danny Montoya
|
0-0: Ball 1-0: Swinging Strike 1-1: Called Strike 1-2: Strikes out looking
|
|
Batting: RHB Alex Cardenas
|
0-0: Called Strike 0-1: Called Strike 0-2: Fly out, F8 (Flyball, 89M, EV 84.4 MPH)
|
| Bottom of the 4th over - 0 runs, 0 hits, 0 errors, 0 left on base; Hickory 0 - Greenville 0 |
| TOP OF THE 5TH |
|
Hickory Crawdads batting - Pitching for Greenville Drive : RHP Michael Vazquez
|
|
Batting: RHB Danny Weisse
|
0-0: SINGLE (Groundball, 4MD, EV 108.1 MPH)
|
|
Batting: RHB Jose Pineda
|
0-0: Fly out, F2 (Popup, 23F, EV 88.8 MPH)
|
|
Batting: RHB Zach Thomason
|
0-0: Ball Danny Weisse steals 2nd base 1-0: SINGLE (Groundball, 6MD, EV 98.8 MPH) Danny Weisse to third Runner from 3rd tries for Home, SAFE, throw by CF to home Zach Thomason to second
|
|
Batting: RHB Dennis Daniels
|
0-0: Ball 1-0: Ball 2-0: Called Strike 2-1: Ball 3-1: Ground out 6-3 (Groundball, 6, EV 109.4 MPH)
|
|
Batting: RHB Aaron Moore
|
0-0: Fly out, F7 (Flyball, 7, EV 72.5 MPH)
|
| Top of the 5th over - 1 run, 2 hits, 0 errors, 1 left on base; Hickory 1 - Greenville 0 |
| BOTTOM OF THE 5TH |
|
Greenville Drive batting - Pitching for Hickory Crawdads : RHP Jared Pollard
|
|
Batting: RHB Adugna Chandu
|
0-0: Called Strike 0-1: Foul Ball, location: 2F 0-2: Foul Ball, location: 2F 0-2: Foul Ball, location: 2F 0-2: Ball 1-2: Foul Ball, location: 2F 1-2: Ball 2-2: Foul Ball, location: 2F 2-2: Foul Ball, location: 2F 2-2: Fly out, F6 (Popup, P, EV 72.5 MPH)
|
|
Batting: RHB Mario Arriero
|
0-0: Fly out, F9 (Line Drive, 9D, EV 93.1 MPH)
|
|
Batting: LHB Robert Gonzalez
|
0-0: Called Strike 0-1: SINGLE (Line Drive, 9S, EV 110.0 MPH)
|
|
Batting: RHB Bobby Schimke
|
0-0: Called Strike Robert Gonzalez steals 2nd base 0-1: Ball 1-1: Ball 2-1: Fly out, F8 (Flyball, 78S, EV 76.2 MPH)
|
| Bottom of the 5th over - 0 runs, 1 hit, 0 errors, 1 left on base; Hickory 1 - Greenville 0 |
| TOP OF THE 6TH |
|
Hickory Crawdads batting - Pitching for Greenville Drive : RHP Michael Vazquez
|
|
Batting: RHB Danny Murillo
|
0-0: Called Strike 0-1: Ball 1-1: Ball 2-1: Fly out, F4 (Flyball, 4MD, EV 83.1 MPH)
|
|
Batting: RHB Dermott Neill
|
0-0: Called Strike 0-1: Foul Ball, location: 2F 0-2: Ground out 6-3 (Groundball, 6, EV 89.4 MPH)
|
|
Batting: LHB Alfonso Collazo
|
0-0: Ball 1-0: Called Strike 1-1: Ball 2-1: Ball 3-1: DOUBLE (Flyball, 89XD, EV 110.0 MPH)
|
|
Batting: SHB Todd Hewitt
|
0-0: Called Strike 0-1: Swinging Strike 0-2: Ball 1-2: Ball 2-2: Strikes out swinging
|
| Top of the 6th over - 0 runs, 1 hit, 0 errors, 1 left on base; Hickory 1 - Greenville 0 |
| BOTTOM OF THE 6TH |
|
Greenville Drive batting - Pitching for Hickory Crawdads : RHP Jared Pollard
|
|
Batting: RHB Aukukero Tairi
|
0-0: Ball 1-0: Ball 2-0: Ground out 6-3 (Groundball, 6M, EV 109.4 MPH)
|
|
Batting: SHB Salvador Padilla
|
0-0: Swinging Strike 0-1: Ball 1-1: Ball 2-1: Ball 3-1: Swinging Strike 3-2: Foul Ball, location: 2F 3-2: SINGLE (Groundball, 6MD, EV 96.2 MPH)
|
|
Batting: SHB Robert Soto
|
0-0: Called Strike 0-1: Reached on error, E3 (Groundball, 3S, EV 74.4 MPH) Salvador Padilla to second
|
|
Batting: LHB Danny Montoya
|
0-0: Foul Ball, location: 2F 0-1: Called Strike 0-2: Ball 1-2: Fly out, F7 (Flyball, 7, EV 90.6 MPH)
|
|
Batting: RHB Alex Cardenas
|
0-0: Called Strike 0-1: Ground out 1-3 (Groundball, 34S, EV 68.8 MPH)
|
| Bottom of the 6th over - 0 runs, 1 hit, 1 error, 2 left on base; Hickory 1 - Greenville 0 |
| TOP OF THE 7TH |
|
Hickory Crawdads batting - Pitching for Greenville Drive : RHP Michael Vazquez
|
|
Batting: RHB Danny Weisse
|
0-0: Called Strike 0-1: Ball 1-1: Ball 2-1: Ball 3-1: Foul Ball, location: 2F 3-2: Foul Ball, location: 2F 3-2: Strikes out swinging
|
|
Pitching: RHP Tyler Tomblin
|
|
|
Batting: RHB Jose Pineda
|
0-0: Ball 1-0: Foul Ball, location: 2F 1-1: Called Strike 1-2: SINGLE (Groundball, 4M, EV 106.2 MPH) (infield hit)
|
|
Batting: RHB Zach Thomason
|
0-0: Called Strike 0-1: Fly out, F9 (Flyball, 9D, EV 106.2 MPH)
|
|
Batting: RHB Dennis Daniels
|
0-0: Ball Jose Pineda steals 2nd base 1-0: Called Strike 1-1: Called Strike 1-2: Strikes out looking
|
| Top of the 7th over - 0 runs, 1 hit, 0 errors, 1 left on base; Hickory 1 - Greenville 0 |
| BOTTOM OF THE 7TH |
|
Greenville Drive batting - Pitching for Hickory Crawdads : RHP Jared Pollard
|
|
Now in LF: Danny Murillo
|
|
|
Now in RF: Roberto Rodriguez
|
|
|
Batting: RHB Adugna Chandu
|
0-0: Ball 1-0: Foul Ball, location: 2F 1-1: Ball 2-1: Called Strike 2-2: Foul Ball, location: 2F 2-2: Ground out 1-3 (Groundball, P, EV 68.1 MPH)
|
|
Pinch Hitting: LHB Eddie Contreras
|
0-0: Swinging Strike 0-1: Ball 1-1: Foul Ball, location: 2F 1-2: Strikes out swinging
|
|
Batting: LHB Robert Gonzalez
|
0-0: Ball 1-0: Called Strike 1-1: Foul Ball, location: 2F 1-2: Foul Ball, location: 2F 1-2: Ball 2-2: Ground out 6-3 (Groundball, P, EV 91.9 MPH)
|
| Bottom of the 7th over - 0 runs, 0 hits, 0 errors, 0 left on base; Hickory 1 - Greenville 0 |
| TOP OF THE 8TH |
|
Hickory Crawdads batting - Pitching for Greenville Drive : RHP Tyler Tomblin
|
|
Now in LF: Guillermo Quintero
|
|
|
Batting: RHB Aaron Moore
|
0-0: Ball 1-0: Ball 2-0: Swinging Strike 2-1: Ball 3-1: Base on Balls
|
|
Batting: RHB Danny Murillo
|
0-0: Called Strike Aaron Moore steals 2nd base (no throw) 0-1: Ball 1-1: Ball 2-1: Bunted foul 2-2: Ground out 1-3 (Groundball, 13, EV 70.6 MPH) Aaron Moore to third
|
|
Batting: RHB Dermott Neill
|
0-0: Intentional Walk
|
|
Batting: RHB Roberto Rodriguez
|
0-0: Swinging Strike 0-1: SINGLE (Groundball, 34, EV 100.6 MPH) Aaron Moore scores Dermott Neill to second Runner from 2nd tries for 3rd, SAFE, throw by RF made to third
|
|
Batting: SHB Todd Hewitt
|
0-0: Ball 1-0: Called Strike Roberto Rodriguez steals 2nd base 1-1: Ball 2-1: Foul Ball, location: 2F 2-2: SINGLE (Groundball, 34D, EV 107.5 MPH) Dermott Neill scores Roberto Rodriguez to third Runner from 3rd tries for Home, throw by RF and OUT! 9-2
|
|
Batting: RHB Danny Weisse
|
0-0: Called Strike 0-1: Ball Todd Hewitt steals 2nd base 1-1: Ball 2-1: SINGLE (Line Drive, 78S, EV 110.6 MPH) Todd Hewitt to third Runner from 3rd tries for Home, SAFE, throw by CF to home
|
|
Pitching: RHP Jon Olivo
|
|
|
Batting: RHB Jose Pineda
|
0-0: Foul Ball, location: 2F 0-1: Foul Ball, location: 2F 0-2: Strikes out swinging
|
| Top of the 8th over - 3 runs, 3 hits, 0 errors, 1 left on base; Hickory 4 - Greenville 0 |
| BOTTOM OF THE 8TH |
|
Greenville Drive batting - Pitching for Hickory Crawdads : RHP Jared Pollard
|
|
Pitching: RHP Victor Benitez
|
|
|
Batting: RHB Bobby Schimke
|
0-0: Called Strike 0-1: Ground out U3 (Groundball, 3S, EV 84.4 MPH)
|
|
Batting: RHB Aukukero Tairi
|
0-0: Ball 1-0: Called Strike 1-1: Foul Ball, location: 2F 1-2: Ball 2-2: Ball 3-2: Foul Ball, location: 2F 3-2: Base on Balls
|
|
Batting: SHB Salvador Padilla
|
0-0: Swinging Strike 0-1: Grounds into double play, 4-6-3 (Groundball, 4, EV 108.8 MPH)
|
| Bottom of the 8th over - 0 runs, 0 hits, 0 errors, 0 left on base; Hickory 4 - Greenville 0 |
| TOP OF THE 9TH |
|
Hickory Crawdads batting - Pitching for Greenville Drive : RHP Jon Olivo
|
|
Batting: RHB Zach Thomason
|
0-0: Fly out, F8 (Flyball, 8RD, EV 86.9 MPH)
|
|
Batting: RHB Dennis Daniels
|
0-0: Ball 1-0: Swinging Strike 1-1: Swinging Strike 1-2: Ball 2-2: Ball 3-2: Strikes out swinging
|
|
Batting: RHB Aaron Moore
|
0-0: Swinging Strike 0-1: Swinging Strike 0-2: Ball 1-2: Ball 2-2: Strikes out swinging
|
| Top of the 9th over - 0 runs, 0 hits, 0 errors, 0 left on base; Hickory 4 - Greenville 0 |
| BOTTOM OF THE 9TH |
|
Greenville Drive batting - Pitching for Hickory Crawdads : RHP Victor Benitez
|
|
Pitching: LHP Francisco Rivas
|
|
|
Batting: SHB Robert Soto
|
0-0: Ball 1-0: Swinging Strike 1-1: Foul Ball, location: 2F 1-2: Ball 2-2: Foul Ball, location: 2F 2-2: Foul Ball, location: 2F 2-2: Strikes out looking
|
|
Batting: LHB Danny Montoya
|
0-0: Foul Ball, location: 2F 0-1: Swinging Strike 0-2: Fly out, F8 (Line Drive, 8LM, EV 98.1 MPH)
|
|
Batting: RHB Alex Cardenas
|
0-0: Called Strike 0-1: Called Strike 0-2: Ball 1-2: Foul Ball, location: 2F 1-2: Ball 2-2: Ground out 3-1 (Groundball, 34, EV 85.6 MPH)
|
| Bottom of the 9th over - 0 runs, 0 hits, 0 errors, 0 left on base; Hickory 4 - Greenville 0 |
|